 Dungeon Crawl Stone Soup version 0.31.0-7-gf635a9b802 (webtiles) character file.

Game seed: 15722558708284378657

1227 petercordia the Ruffian (level 8, -3/72 HPs)
             Began as a Naga Shapeshifter on Jan 23, 2024.
             Was a Believer of Qazlal.
             Slain by a centaur (4 damage)
             ... on level 6 of the Dungeon.
             The game lasted 00:11:38 (6303 turns).

petercordia the Ruffian (Naga Shapeshifter)         Turns: 6303, Time: 00:11:38

Health: -3/72      AC:  3    Str: 16    XL:     8   Next: 48%
Magic:  4/10       EV: 10    Int: 12    God:    Qazlal [**....]
Gold:   244        SH:  2    Dex: 12    Spells: 5/7 levels left

rFire   . .          .
                       - Unarmed
rCold   . . .        (no shield)
rNeg    . . .        a - +0 animal skin
rPois   +            (helmet currently unavailable)
rElec   .            (cloak currently unavailable)
rCorr   .            (gloves currently unavailable)
SInv    +            (no barding)
Will    ++...        (no amulet)
Stlth   ++           x - ring of willpower
HPRegen 0.32/turn    (no ring)
MPRegen 0.12/turn

%: no passive effects
@: beast-form, studying Conjurations, very slow
A: beast (slay +2), AC +2, large, see invisible, deformed body, poison
resistance, slowness 2, spit poison 1, naga tail 1
a: Spit Poison, Begin Untransformation, Renounce Religion, Upheaval


You were on level 6 of the Dungeon.
You worshipped Qazlal.
Qazlal was pleased with you.
You were a hulking beast.
You visited 1 branch of the dungeon, and saw 6 of its levels.

You collected 244 gold pieces.

Inventory:

Missiles
 e - 79 stones
 g - 9 poisoned darts
 l - 3 datura-tipped darts
 y - 5 boomerangs
Armour
 a - a +0 animal skin (worn)
 f - a +1 helmet
Jewellery
 x - a ring of willpower (left hand)
 A - a ring of ice
Talismans
 c - a beast talisman
 d - a flux talisman
 u - a talisman of death
Scrolls
 h - 5 scrolls of teleportation
 i - a scroll of amnesia {unknown}
 k - 3 scrolls of fear
 m - a scroll of noise {unknown}
 o - 3 scrolls of vulnerability
 p - a scroll of immolation {unknown}
 r - a scroll of revelation {unknown}
 t - a scroll of identify {unknown}
 z - a scroll of enchant armour
 B - 2 scrolls of blinking {unknown}
Potions
 b - a potion of lignification
 j - a potion of curing
 n - a potion of resistance {unknown}
 q - a potion of might {unknown}
 s - a potion of attraction {unknown}
 v - 2 potions of heal wounds {unknown}
 w - a potion of enlightenment {unknown}


   Skills:
 + Level 3.8 Fighting
 + Level 3.5 Dodging
 + Level 5.6 Stealth
 * Level 6.2 Unarmed Combat
 + Level 2.7 Invocations
 + Level 4.6 Shapeshifting


You had 5 spell levels left.
You knew the following spells:

 Your Spells              Type           Power      Damage    Failure   Level
a - Blink                 Tloc           0%         N/A       45%         2

Your spell library contained the following spells:

 Spells                   Type           Power      Damage    Failure   Level
 Apportation              Tloc           0%         N/A       32%         1
 Magic Dart               Conj           0%         1d3       32%         1
 Call Imp                 Summ           0%         N/A       45%         2
 Jinxbite                 Hex            0%         N/A       45%         2
 Alistair's Intoxication  Alch           0%         N/A       100%        5


Dungeon Overview and Level Annotations

Branches:
Dungeon (6/15)             Temple (0/1) D:4

Altars:
Gozag
Qazlal

Shops:
D:2 (   D:3 *   D:4 :


Innate Abilities, Weirdness & Mutations

You are a hulking beast.
Your limbs bulge with bestial killing power. (Slay +2)
Your serpentine skin is tough. (AC +2)
You have supernaturally acute eyesight. (SInv)
Armour fits poorly on your strangely shaped body.
Your system is resistant to poisons. (rPois)
You cover ground very slowly.
You can spit poison.
You have a snake-like lower body.


Message History

The centaur is moderately wounded.
The centaur barely misses you. x2; The hound barely misses you.
The centaur hits you.
* * * LOW HITPOINT WARNING * * *
The centaur barely misses you.
Aiming: Upheaval
Press: ? - help, Dir - move target, p - centaur A storm cloud blasts the area with cutting wind!
The cutting wind hits the hound!
The hound is almost dead.
The hound closely misses you. The centaur hits you.
* * * LOW HITPOINT WARNING * * *
The centaur misses you.
Unknown command.
Aiming: Upheaval
Press: ? - help, Dir - move target A storm cloud blasts the area with cutting wind!
You have got your breath back.
The hound bites you.
* * * LOW HITPOINT WARNING * * *
The centaur hits you but does no damage.
The centaur kicks you but does no damage.
The hound bites you.
* * * LOW HITPOINT WARNING * * *
The gnoll closely misses you. The centaur closely misses you.
The centaur misses you.
Unknown command.
Unknown command.
It was a potion of curing.
You feel better. The hound bites you but does no damage.
The centaur hits you but does no damage.
The centaur closely misses you. The gnoll hits you with a +0 flail!
* * * LOW HITPOINT WARNING * * *
Unknown command.
You punch the centaur!
The centaur is almost dead.
The hound bites you.
* * * LOW HITPOINT WARNING * * *
The centaur hits you.
You die...

..##.......##
.##.#..)......#
...>.........#
#.........<.#
#..........#
#....g.....#
.###.#gch....##
.......h.......
...###.°#..####
##)#.##
#.###...#
#.......#####
#####)......#
#.#.##...
###)..# ##
#...###


You could see a gnoll sergeant, a centaur, a hound and a gnoll.

Vanquished Creatures
  Grinder (D:5)
  2 ogres
  A phantom (D:4)
  3 scorpions
  A killer bee (D:4)
  3 bombardier beetles
  3 hounds
  An orc priest (D:4)
  A gnoll bouda (D:4)
  An iguana (D:5)
  2 orc wizards (D:4)
  Robin (D:3)
  3 adders
  7 gnolls
  2 white imps
  4 ufetubi
  2 ribbon worms (D:3)
  A dart slug (D:5)
  10 orcs
  3 bats
  5 endoplasms
  A giant cockroach (D:2)
  15 goblins
  13 hobgoblins
  6 jackals (D:2)
  9 kobolds
  9 quokkas
  4 ball pythons
  4 frilled lizards
  6 rats
124 creatures vanquished.

Notes
Turn   | Place    | Note
-------+----------+-------------------------------------------
     0 | D:1      | petercordia the Naga Shapeshifter began the quest for the
                  | Orb.
     0 | D:1      | Reached XP level 1. HP: 18/18 MP: 1/1
   263 | D:1      | Reached XP level 2. HP: 12/25 MP: 2/2
   489 | D:1      | Reached skill level 1 in Stealth
   958 | D:2      | Reached XP level 3. HP: 26/31 MP: 3/3
  1134 | D:2      | Found Kuufa's Antique Weapon Shop.
  2001 | D:3      | Found a faded altar of an unknown god.
  2018 | D:3      | Reached XP level 4. HP: 32/38 MP: 4/4
  2110 | D:3      | Prayed at the altar of an unknown god.
  2110 | D:3      | Became a worshipper of Qazlal Stormbringer
  2110 | D:3      | Reached * piety under Qazlal
  2227 | D:3      | Found an opulent altar of Gozag.
  2227 | D:3      | Found Gozag's Platinum Reserve.
  2270 | D:3      | Noticed Robin
  2368 | D:3      | Killed Robin
  2481 | D:3      | Reached ** piety under Qazlal
  2668 | D:3      | Reached skill level 4 in Unarmed Combat
  2668 | D:3      | Reached XP level 5. HP: 41/45 MP: 5/5
  3226 | D:4      | Reached XP level 6. HP: 51/54 MP: 6/6
  3332 | D:4      | Found a staircase to the Ecumenical Temple.
  3767 | D:4      | Reached skill level 5 in Unarmed Combat
  3767 | D:4      | Reached XP level 7. HP: 59/61 MP: 7/7
  3781 | D:4      | Reached skill level 1 in Invocations
  3785 | D:4      | HP: 3/61 [poisoned by a killer bee]
  4166 | D:4      | Found Odoekeru's Book Boutique.
  4742 | D:4      | Learned a level 2 spell: Blink
  4782 | D:5      | Entered Level 5 of the Dungeon
  5354 | D:5      | Noticed Grinder
  5372 | D:5      | Killed Grinder
  5373 | D:5      | Reached skill level 5 in Stealth
  5373 | D:5      | Reached XP level 8. HP: 58/69 MP: 4/9
  5975 | D:6      | Reached skill level 6 in Unarmed Combat
  6303 | D:6      | HP: 1/72 [hound (3)]
  6303 | D:6      | Slain by a centaur

Illustrated notes

Levels and vault maps discovered:
D:1:      evilmike_arrival_rings, layout_basic, kennysheep_boxes
D:2:      layout_basic, serial_shops, nicolae_shop_advertising_works
          [nicolae_subvault_shop_adworks]
D:3:      layout_rooms, nicolae_gozag_zags_fifth_avenue,
          hellmonk_ecumenical_altar_crossroads, uniq_robin
D:4:      minmay_inner_zag, layout_layer_cave, temple_statues, serial_shops,
          nicolae_stop_n_shop_2, grunt_decor_resistance, minmay_manual_mullet
D:5:      layout_loops_cross, nrook_pool_corridor, corexii_corridor_pit,
          uniq_grinder
D:6:      layout_rooms, general_overflow_altar, chequers_serial_rivers_marsh

Skill      XL: |  1  2  3  4  5  6  7  8 |
---------------+-------------------------+-----
Stealth        | 1 2 3 4 5 |  5.6
Dodging        | 2 3 |  3.5
Unarmed Combat | 4 5 6 |  6.2
Fighting       | 2 3 |  3.8
Invocations    | 2 |  2.7
Shapeshifting  | 4 |  4.6

Action                     |  1- 3 |  4- 6 |  7- 9 || total
---------------------------+-------+-------+-------++-------
  Melee: Unarmed           |   144 |   186 |   101 ||   431
         Punch             |       |     7 |     4 ||    11
 Invoke: Upheaval          |       |       |     4 ||     4
Ability: Spit Poison       |     6 |    10 |    12 ||    28
    Use: Scroll            |       |       |     4 ||     4
         Potion            |       |       |     1 ||     1
   Stab: Sleeping          |     2 |       |       ||     2
 Armour: Animal skin       |    89 |   113 |    84 ||   286
  Dodge: Dodged            |    70 |    78 |    61 ||   209
  Block: Other             |       |    12 |    13 ||    25
